| TOP OF THE 1ST |
|
Tijuana Toros batting - Pitching for Colorado Avalanche : RHP Justin Garrett
|
|
Pitching: RHP Justin Garrett
|
|
|
Batting: RHB Theo Schepers
|
0-0: Ball 1-0: Fly out, F3 (Flyball, 3D, EV 94.4 MPH)
|
|
Batting: RHB Chad Rojas
|
0-0: Ball 1-0: Ground out 6-3 (Groundball, 6S, EV 83.8 MPH)
|
|
Batting: LHB Steve Pond
|
0-0: Ball 1-0: Ball 2-0: Ball 3-0: Base on Balls
|
|
Batting: LHB Nate Kee
|
0-0: Ground out 4-3 (Groundball, 34, EV 103.8 MPH)
|
| Top of the 1st over - 0 runs, 0 hits, 0 errors, 1 left on base; Tijuana 0 - Colorado 0 |
| BOTTOM OF THE 1ST |
|
Colorado Avalanche batting - Pitching for Tijuana Toros : LHP Bryan Rouse
|
|
Pitching: LHP Bryan Rouse
|
|
|
Batting: RHB Kevin Tangeman
|
0-0: Ball 1-0: Ball 2-0: Fly out, F6 (Popup, P, EV 80.6 MPH)
|
|
Batting: RHB Bob Hayes
|
0-0: Ball 1-0: Called Strike 1-1: Ball 2-1: Ball 3-1: Base on Balls
|
|
Batting: RHB Ray Insley
|
0-0: SINGLE (Line Drive, 9LS, EV 106.9 MPH) Bob Hayes to second
|
|
Batting: SHB Brad Madden
|
0-0: Ball 1-0: Called Strike 1-1: Grounds into double play, 6-4-3 (Groundball, 6M, EV 79.4 MPH)
|
| Bottom of the 1st over - 0 runs, 1 hit, 0 errors, 1 left on base; Tijuana 0 - Colorado 0 |
| TOP OF THE 2ND |
|
Tijuana Toros batting - Pitching for Colorado Avalanche : RHP Justin Garrett
|
|
Batting: RHB Pat Adams
|
0-0: Ball 1-0: Called Strike 1-1: Ball 2-1: Fly out, F9 (Line Drive, 9, EV 94.4 MPH)
|
|
Batting: RHB Joe Bower
|
0-0: Ball 1-0: Ball 2-0: Fly out, F8 (Flyball, 8LXD, EV 90.6 MPH)
|
|
Batting: RHB David Watkins
|
0-0: Ball 1-0: Ball 2-0: Swinging Strike 2-1: Swinging Strike 2-2: Ball 3-2: Base on Balls
|
|
Batting: RHB Mike Kaczor
|
0-0: Ball 1-0: Called Strike 1-1: Ball 2-1: Ball 3-1: Base on Balls David Watkins to second
|
|
Batting: SHB Shane Marcum
|
0-0: Ball 1-0: Fly out, F9 (Flyball, 9, EV 80.6 MPH)
|
| Top of the 2nd over - 0 runs, 0 hits, 0 errors, 2 left on base; Tijuana 0 - Colorado 0 |
| BOTTOM OF THE 2ND |
|
Colorado Avalanche batting - Pitching for Tijuana Toros : LHP Bryan Rouse
|
|
Batting: SHB Justin Jackson
|
0-0: Called Strike 0-1: Fly out, F9 (Flyball, 9, EV 85.6 MPH)
|
|
Batting: LHB Daniel Green
|
0-0: Called Strike 0-1: Called Strike 0-2: Strikes out looking
|
|
Batting: RHB Maurice Moore
|
0-0: Ball 1-0: Swinging Strike 1-1: DOUBLE (Line Drive, 9LM, EV 107.5 MPH)
|
|
Batting: LHB Paul McClintock
|
0-0: DOUBLE (Flyball, 9LD, EV 96.9 MPH) Maurice Moore scores
|
|
Batting: RHB Kevin McKasson
|
0-0: Called Strike 0-1: Ball 1-1: Foul Ball, location: 2F 1-2: Ground out 4-3 (Groundball, 4M, EV 85.0 MPH)
|
| Bottom of the 2nd over - 1 run, 2 hits, 0 errors, 1 left on base; Tijuana 0 - Colorado 1 |
| TOP OF THE 3RD |
|
Tijuana Toros batting - Pitching for Colorado Avalanche : RHP Justin Garrett
|
|
Batting: RHB Theo Schepers
|
0-0: SINGLE (Groundball, 4MD, EV 95.0 MPH)
|
|
Batting: RHB Chad Rojas
|
Balk! Theo Schepers to second 0-0: SINGLE (Line Drive, 4MD, EV 100.0 MPH) Theo Schepers to third
|
|
Batting: LHB Steve Pond
|
0-0: Ball 1-0: Ball Chad Rojas is caught stealing 2nd base 2-6 2-0: Ball 3-0: Base on Balls
|
|
Batting: LHB Nate Kee
|
0-0: Ball 1-0: Ball Wild Pitch! Theo Schepers scores Steve Pond to second 2-0: Ball 3-0: Base on Balls
|
|
Batting: RHB Pat Adams
|
0-0: Called Strike 0-1: SINGLE (Groundball, 6MD, EV 103.1 MPH) Steve Pond to third Nate Kee to second Runner from 3rd tries for Home, SAFE, throw by CF to home
|
|
Batting: RHB Joe Bower
|
0-0: Called Strike 0-1: Foul Ball, location: 2F 0-2: Ball 1-2: SINGLE (Groundball, 6D, EV 105.6 MPH) Nate Kee to third Pat Adams to second
|
|
Batting: RHB David Watkins
|
Balk! Nate Kee scores Pat Adams to third Joe Bower to second 0-0: Ground out 4-3 (Groundball, 4, EV 103.1 MPH) Pat Adams scores Joe Bower to third
|
|
Batting: RHB Mike Kaczor
|
0-0: Fly out, F9 (Flyball, 9, EV 76.9 MPH)
|
| Top of the 3rd over - 4 runs, 4 hits, 0 errors, 1 left on base; Tijuana 4 - Colorado 1 |
| BOTTOM OF THE 3RD |
|
Colorado Avalanche batting - Pitching for Tijuana Toros : LHP Bryan Rouse
|
|
Batting: RHB Kevin Tangeman
|
0-0: Called Strike 0-1: Swinging Strike 0-2: DOUBLE (Line Drive, 9D, EV 105.6 MPH)
|
|
Batting: RHB Bob Hayes
|
0-0: Ball 1-0: Called Strike Kevin Tangeman steals 3rd base 1-1: Foul Ball, location: 2F 1-2: Strikes out swinging
|
|
Batting: RHB Ray Insley
|
0-0: Ball 1-0: Ball 2-0: Foul Ball, location: 2F 2-1: Fly out, F8 (Flyball, 78D, EV 101.2 MPH) Runner from 3rd tags up, SCORES, throw by CF
|
|
Batting: SHB Brad Madden
|
0-0: SINGLE (Line Drive, 6M, EV 98.8 MPH)
|
|
Batting: SHB Justin Jackson
|
0-0: Called Strike 0-1: 2-RUN HOME RUN (Flyball, 78XD, EV 108.8 MPH), Distance : 440 ft
|
|
Batting: LHB Daniel Green
|
0-0: Ball 1-0: Ball 2-0: Called Strike 2-1: Fly out, F8 (Flyball, 8RD, EV 103.1 MPH)
|
| Bottom of the 3rd over - 3 runs, 3 hits, 0 errors, 0 left on base; Tijuana 4 - Colorado 4 |
| TOP OF THE 4TH |
|
Tijuana Toros batting - Pitching for Colorado Avalanche : RHP Justin Garrett
|
|
Batting: SHB Shane Marcum
|
0-0: Ball 1-0: Ball 2-0: Ball 3-0: Base on Balls
|
|
Batting: RHB Theo Schepers
|
0-0: Ball 1-0: Foul Ball, location: 2F 1-1: Ball Shane Marcum steals 2nd base 2-1: Foul Ball, location: 2F 2-2: SINGLE (Groundball, 5S, EV 73.8 MPH) (infield hit) Shane Marcum to third
|
|
Batting: RHB Chad Rojas
|
0-0: Swinging Strike 0-1: Ball 1-1: Fly out, F7 (Flyball, 78M, EV 88.1 MPH) Runner from 3rd tags up, OUT at HOME! 7-2 Theo Schepers to second
|
|
Batting: LHB Steve Pond
|
0-0: SINGLE (Groundball, 4MD, EV 96.9 MPH) Theo Schepers to third Runner from 3rd tries for Home, SAFE, throw by CF to home
|
|
Batting: LHB Nate Kee
|
0-0: Foul Ball, location: 2F 0-1: Swinging Strike 0-2: Ball 1-2: SINGLE (Flyball, 9LS, EV 87.5 MPH) Steve Pond to second Runner from 2nd tries for 3rd, OUT! 9-5
|
| Top of the 4th over - 1 run, 3 hits, 0 errors, 1 left on base; Tijuana 5 - Colorado 4 |
| BOTTOM OF THE 4TH |
|
Colorado Avalanche batting - Pitching for Tijuana Toros : LHP Bryan Rouse
|
|
Batting: RHB Maurice Moore
|
0-0: Called Strike 0-1: Ball 1-1: Foul Ball, location: 2F 1-2: Ball 2-2: Foul Ball, location: 2F 2-2: Foul Ball, location: 2F 2-2: Strikes out swinging
|
|
Batting: LHB Paul McClintock
|
0-0: Ball 1-0: Fly out, F8 (Line Drive, 8RM, EV 92.5 MPH)
|
|
Batting: RHB Kevin McKasson
|
0-0: Foul Ball, location: 2F 0-1: Foul Ball, location: 2F 0-2: Ball 1-2: Strikes out swinging
|
| Bottom of the 4th over - 0 runs, 0 hits, 0 errors, 0 left on base; Tijuana 5 - Colorado 4 |
| TOP OF THE 5TH |
|
Tijuana Toros batting - Pitching for Colorado Avalanche : RHP Justin Garrett
|
|
Pitching: RHP Josh Lofgreen
|
|
|
Batting: RHB Pat Adams
|
0-0: Called Strike 0-1: Ball 1-1: Swinging Strike 1-2: Strikes out swinging
|
|
Batting: RHB Joe Bower
|
0-0: Ball 1-0: SINGLE (Line Drive, 78M, EV 102.5 MPH)
|
|
Batting: RHB David Watkins
|
0-0: Called Strike 0-1: Foul Ball, location: 2F 0-2: Ball 1-2: Ball 2-2: Ball 3-2: Base on Balls Joe Bower to second
|
|
Batting: RHB Mike Kaczor
|
0-0: Foul Ball, location: 2F 0-1: Ball 1-1: Ball 2-1: Ball 3-1: Base on Balls Joe Bower to third David Watkins to second
|
|
Batting: SHB Shane Marcum
|
0-0: Ball Wild Pitch! Joe Bower scores David Watkins to third Mike Kaczor to second 1-0: Ball 2-0: Foul Ball, location: 2F 2-1: Fly out, F6 (Line Drive, 6, EV 71.2 MPH) Lined into DP, 6-4 (Line Drive, 6, EV 64.4 MPH)
|
| Top of the 5th over - 1 run, 1 hit, 0 errors, 1 left on base; Tijuana 6 - Colorado 4 |
| BOTTOM OF THE 5TH |
|
Colorado Avalanche batting - Pitching for Tijuana Toros : LHP Bryan Rouse
|
|
Batting: RHB Kevin Tangeman
|
0-0: Fly out, F5 (Popup, 5SF, EV 82.5 MPH)
|
|
Batting: RHB Bob Hayes
|
0-0: Ball 1-0: Ball 2-0: Ball 3-0: Called Strike 3-1: Ground out 5-3 (Groundball, 5, EV 86.2 MPH)
|
|
Batting: RHB Ray Insley
|
0-0: Ball 1-0: Foul Ball, location: 2F 1-1: Swinging Strike 1-2: Ball 2-2: Ball 3-2: Foul Ball, location: 2F 3-2: Base on Balls
|
|
Batting: SHB Brad Madden
|
0-0: Ball 1-0: Called Strike 1-1: SINGLE (Groundball, 34D, EV 96.2 MPH) Ray Insley to second Runner from 2nd tries for 3rd, SAFE, throw by RF made at trailing runner, OUT! 9-6
|
| Bottom of the 5th over - 0 runs, 1 hit, 0 errors, 1 left on base; Tijuana 6 - Colorado 4 |
| TOP OF THE 6TH |
|
Tijuana Toros batting - Pitching for Colorado Avalanche : RHP Josh Lofgreen
|
|
Batting: RHB Theo Schepers
|
0-0: Called Strike 0-1: Ball 1-1: Ball 2-1: Reached on error, E6 (Groundball, 56, EV 103.1 MPH)
|
|
Batting: RHB Chad Rojas
|
0-0: Foul Ball, location: 2F 0-1: Ball 1-1: Fly out, F7 (Flyball, 78M, EV 75.0 MPH)
|
|
Batting: LHB Steve Pond
|
0-0: Ball 1-0: Called Strike 1-1: Called Strike 1-2: SINGLE (Groundball, 34D, EV 103.8 MPH) Theo Schepers to third
|
|
Batting: LHB Nate Kee
|
0-0: Swinging Strike 0-1: Ball 1-1: Called Strike 1-2: Ball 2-2: Foul Ball, location: 2F 2-2: Ball 3-2: Base on Balls Steve Pond to second
|
|
Batting: RHB Pat Adams
|
0-0: Grounds into fielders choice 6-2 (Groundball, 56S, EV 77.5 MPH) Steve Pond to third Nate Kee to second
|
|
Batting: RHB Joe Bower
|
0-0: Ball 1-0: Foul Ball, location: 2F 1-1: Swinging Strike 1-2: Ball 2-2: Ball Balk! Steve Pond scores Nate Kee to third Pat Adams to second 3-2: SINGLE (Line Drive, 34D, EV 93.8 MPH) Nate Kee scores Pat Adams to third
|
|
Batting: RHB David Watkins
|
0-0: Called Strike 0-1: Ball 1-1: Swinging Strike 1-2: Ball 2-2: Ball 3-2: Base on Balls Joe Bower to second
|
|
Batting: RHB Mike Kaczor
|
0-0: Called Strike 0-1: SINGLE (Flyball, 34D, EV 97.5 MPH) Pat Adams scores Joe Bower to third David Watkins to second
|
|
Batting: SHB Shane Marcum
|
0-0: Ball 1-0: Foul Ball, location: 2F 1-1: SINGLE (Groundball, 34D, EV 97.5 MPH) Joe Bower scores David Watkins to third Mike Kaczor to second Runner from 3rd tries for Home, SAFE, throw by RF to home
|
|
Batting: RHB Theo Schepers
|
0-0: Called Strike 0-1: DOUBLE (Line Drive, 7LS, EV 96.9 MPH) Mike Kaczor scores Shane Marcum to third Runner from 3rd tries for Home, SAFE, no throw by LF
|
|
Pitching: RHP Dan Hoffman
|
|
|
Batting: RHB Chad Rojas
|
0-0: Ball 1-0: Called Strike 1-1: Ball 2-1: Called Strike 2-2: Fly out, F7 (Flyball, 78M, EV 82.5 MPH)
|
| Top of the 6th over - 7 runs, 5 hits, 1 error, 1 left on base; Tijuana 13 - Colorado 4 |
| BOTTOM OF THE 6TH |
|
Colorado Avalanche batting - Pitching for Tijuana Toros : LHP Bryan Rouse
|
|
Batting: SHB Justin Jackson
|
0-0: Ball 1-0: Called Strike 1-1: Fly out, F4 (Popup, 4, EV 64.4 MPH)
|
|
Batting: LHB Daniel Green
|
0-0: Ball 1-0: Called Strike 1-1: Ball 2-1: Ball 3-1: Called Strike 3-2: Base on Balls
|
|
Pitching: RHP Gary Salazar
|
|
|
Batting: RHB Maurice Moore
|
0-0: Ball 1-0: Foul Ball, location: 2F 1-1: Fly out, F8 (Flyball, 89S, EV 88.8 MPH)
|
|
Batting: LHB Paul McClintock
|
0-0: Called Strike Daniel Green steals 2nd base (no throw) 0-1: Foul Ball, location: 2F 0-2: Ball 1-2: Ball 2-2: Fly out, F4 (Popup, 4S, EV 62.5 MPH)
|
| Bottom of the 6th over - 0 runs, 0 hits, 0 errors, 1 left on base; Tijuana 13 - Colorado 4 |
| TOP OF THE 7TH |
|
Tijuana Toros batting - Pitching for Colorado Avalanche : RHP Dan Hoffman
|
|
Batting: LHB Steve Pond
|
0-0: Ball 1-0: Ball 2-0: Foul Ball, location: 2F 2-1: Ball 3-1: Foul Ball, location: 2F 3-2: Fly out, F8 (Line Drive, 8LD, EV 95.6 MPH)
|
|
Batting: LHB Nate Kee
|
0-0: Ball 1-0: Ball 2-0: Called Strike 2-1: Called Strike 2-2: Ball 3-2: Fly out, F8 (Flyball, 8RXD, EV 104.4 MPH)
|
|
Batting: RHB Pat Adams
|
0-0: Called Strike 0-1: Foul Ball, location: 2F 0-2: Ball 1-2: Ball 2-2: Ball 3-2: Base on Balls
|
|
Batting: RHB Joe Bower
|
0-0: Ball Wild Pitch! Pat Adams to second 1-0: Ball 2-0: Ball 3-0: Called Strike 3-1: Base on Balls
|
|
Batting: RHB David Watkins
|
0-0: Called Strike 0-1: Foul Ball, location: 2F 0-2: Ball 1-2: Strikes out swinging
|
| Top of the 7th over - 0 runs, 0 hits, 0 errors, 2 left on base; Tijuana 13 - Colorado 4 |
| BOTTOM OF THE 7TH |
|
Colorado Avalanche batting - Pitching for Tijuana Toros : RHP Gary Salazar
|
|
Batting: RHB Kevin McKasson
|
0-0: Ball 1-0: Foul Ball, location: 2F 1-1: Ball 2-1: Foul Ball, location: 2F 2-2: Foul Ball, location: 2F 2-2: Strikes out swinging
|
|
Pinch Hitting: SHB Rich McDonald
|
0-0: Ball 1-0: Swinging Strike 1-1: Called Strike 1-2: Strikes out swinging
|
|
Batting: RHB Bob Hayes
|
0-0: Called Strike 0-1: Ball 1-1: Ball 2-1: Foul Ball, location: 2F 2-2: Ground out 5-3 (Groundball, 5, EV 105.6 MPH)
|
| Bottom of the 7th over - 0 runs, 0 hits, 0 errors, 0 left on base; Tijuana 13 - Colorado 4 |
| TOP OF THE 8TH |
|
Tijuana Toros batting - Pitching for Colorado Avalanche : RHP Dan Hoffman
|
|
Now at 3B: Rich McDonald
|
|
|
Batting: LHB Chris Buchan
|
0-0: Ball 1-0: Fly out, F7 (Flyball, 7S, EV 88.1 MPH)
|
|
Batting: SHB Shane Marcum
|
0-0: Foul Ball, location: 2F 0-1: Ball 1-1: Foul Ball, location: 2F 1-2: Ball 2-2: Foul Ball, location: 2F 2-2: Ball 3-2: Ground out U3 (Groundball, 3, EV 101.9 MPH)
|
|
Batting: RHB Theo Schepers
|
0-0: Ball 1-0: Swinging Strike 1-1: Called Strike 1-2: Ball 2-2: Foul Ball, location: 2F 2-2: Ball 3-2: SINGLE (Flyball, 8RS, EV 84.4 MPH)
|
|
Batting: RHB Chad Rojas
|
0-0: Ball 1-0: Ball 2-0: Called Strike 2-1: Ball 3-1: Called Strike 3-2: Base on Balls Theo Schepers to second
|
|
Pinch Hitting: RHB Justin Curran
|
0-0: DOUBLE (Line Drive, 7LS, EV 103.8 MPH) Theo Schepers scores Chad Rojas to third
|
|
Pitching: RHP Matviy Oliynyk
|
|
|
Batting: LHB Nate Kee
|
0-0: Ball 1-0: Ball 2-0: Ball 3-0: Called Strike 3-1: Base on Balls
|
|
Batting: RHB Pat Adams
|
0-0: Called Strike 0-1: Swinging Strike 0-2: Ball 1-2: Ball 2-2: Ground out 4-3 (Groundball, 4, EV 78.1 MPH)
|
| Top of the 8th over - 1 run, 2 hits, 0 errors, 3 left on base; Tijuana 14 - Colorado 4 |
| BOTTOM OF THE 8TH |
|
Colorado Avalanche batting - Pitching for Tijuana Toros : RHP Gary Salazar
|
|
Pitching: RHP Seved Landgre
|
|
|
Now in LF: Justin Curran
|
|
|
Now in RF: Joe Bower
|
|
|
Batting: RHB Ray Insley
|
0-0: Called Strike 0-1: Called Strike 0-2: Strikes out swinging
|
|
Batting: SHB Brad Madden
|
0-0: Called Strike 0-1: Called Strike 0-2: Ball 1-2: Ball 2-2: Foul Ball, location: 2F 2-2: Ground out 3-1 (Groundball, 34, EV 80.0 MPH)
|
|
Batting: SHB Justin Jackson
|
0-0: Ball 1-0: Foul Ball, location: 2F 1-1: Foul Ball, location: 2F 1-2: Foul Ball, location: 2F 1-2: Ground out U3 (Groundball, 34S, EV 80.0 MPH)
|
| Bottom of the 8th over - 0 runs, 0 hits, 0 errors, 0 left on base; Tijuana 14 - Colorado 4 |
| TOP OF THE 9TH |
|
Tijuana Toros batting - Pitching for Colorado Avalanche : RHP Matviy Oliynyk
|
|
Batting: RHB Joe Bower
|
0-0: Ball 1-0: Ball 2-0: Called Strike 2-1: Ball 3-1: TRIPLE (Line Drive, 8RD, EV 93.8 MPH)
|
|
Batting: RHB David Watkins
|
0-0: Ground out 1-3 (Groundball, P, EV 69.4 MPH)
|
|
Batting: LHB Chris Buchan
|
0-0: Foul Ball, location: 2F 0-1: Ball Wild Pitch! Joe Bower scores 1-1: Ball 2-1: Foul Ball, location: 2F 2-2: Ground out 6-3 (Groundball, 6S, EV 83.1 MPH)
|
|
Pinch Hitting: RHB Will Barksdale
|
0-0: Ball 1-0: Ball 2-0: Ball 3-0: Called Strike 3-1: Base on Balls
|
|
Batting: RHB Theo Schepers
|
0-0: Ball 1-0: Swinging Strike 1-1: SINGLE (Groundball, 4D, EV 107.5 MPH) Will Barksdale to second
|
|
Batting: RHB Chad Rojas
|
0-0: Ball 1-0: Foul Ball, location: 2F 1-1: SINGLE (Groundball, 34D, EV 100.6 MPH) Will Barksdale to third Theo Schepers to second Runner from 3rd tries for Home, SAFE, throw by RF to home
|
|
Batting: RHB Justin Curran
|
0-0: Ball 1-0: Ball 2-0: Called Strike 2-1: Called Strike 2-2: Strikes out swinging
|
| Top of the 9th over - 2 runs, 3 hits, 0 errors, 2 left on base; Tijuana 16 - Colorado 4 |
| BOTTOM OF THE 9TH |
|
Colorado Avalanche batting - Pitching for Tijuana Toros : RHP Seved Landgre
|
|
Now at C: Will Barksdale
|
|
|
Batting: LHB Daniel Green
|
0-0: Ball 1-0: Ball 2-0: Foul Ball, location: 2F 2-1: SINGLE (Flyball, 6D, EV 98.8 MPH)
|
|
Batting: RHB Maurice Moore
|
0-0: Foul Ball, location: 2F 0-1: Swinging Strike 0-2: Ball 1-2: Ball 2-2: Strikes out swinging
|
|
Pitching: RHP Jordan Amaker
|
|
|
Batting: LHB Paul McClintock
|
0-0: Called Strike 0-1: Foul Ball, location: 2F 0-2: Fielders Choice at 2nd, 6-4 (Groundball, 6, EV 83.8 MPH)
|
|
Batting: RHB Kevin McKasson
|
0-0: Foul Ball, location: 2F 0-1: Ball 1-1: Ball 2-1: SINGLE (Groundball, 6, EV 95.6 MPH) Paul McClintock to second
|
|
Batting: SHB Rich McDonald
|
0-0: Fly out, F8 (Flyball, 8LD, EV 101.2 MPH)
|
| Bottom of the 9th over - 0 runs, 2 hits, 0 errors, 2 left on base; Tijuana 16 - Colorado 4 |
|